AoeStats
← GNEISS

Pilgrims

508072285Analyzed
2v2 RM · 12d ago on Sep 20, 2026· 17m 49s· 4 players
Game mode
Random Map
Map size
Medium (4 player)
Population
200
Speed
Normal
Resources
Standard
Victory
Conquest
Starting age
Dark Age
Ending age
Imperial Age
RankedLock teamsTeams togetherTeam positionsShared explorationLock speedFull tech treeHidden civsTurbo modeCheats
Victory
Defeat
🇬🇷 Persians · Greece
1175
+18
🇳🇮 Bulgarians · Nicaragua
1138
+20
🇨🇱 Bulgarians · Chile
1224
-19
🇨🇱 Persians · Chile
1215
-19
ExxD96
7:23 Loom
10:39 Feudal Age
VincentVega
10:53 Feudal Age
9:54 Loom
17:03 Castle Age
16:33 Bloodlines
16:31 Scale Barding Armor
16:37 Forging
Mr.Gumball
8:42 Loom
10:59 Feudal Age
11:11 Feudal Age
13:25 Feudal Age
GNEISS
3:32 Loom
14:52 Feudal Age
Connection lost

Rejoining the realm…

Still unreachable

The connection could not be restored.

Session expired

The server has moved on; the page needs a fresh start.